 Dungeon Crawl Stone Soup version 0.22-a0-402-ga933591 (webtiles) character file.

256 GameOver the Sneak (level 6, 0/49 HPs)
             Began as a Naga Wizard on May 6, 2018.
             Slain by an adder (4 damage)
             ... on level 3 of the Dungeon.
             The game lasted 00:09:32 (1650 turns).

GameOver the Sneak (Naga Wizard)                    Turns: 1650, Time: 00:09:32

Health: 0/49       AC:  3    Str:  9    XL:     6   Next: 15%
Magic:  2/10       EV: 10    Int: 21    God:
Gold:   159        SH:  0    Dex:  9    Spells: 5/11 levels left

rFire    . . .     SeeInvis +   c - +2 dagger (drain)
rCold    . . .     Gourm    .   (no shield)
rNeg     . . .     Faith    .   a - +0 robe
rPois    +         Spirit   .   b - +0 hat
rElec    .         Reflect  .   (no cloak)
rCorr    .         Harm     .   (no gloves)
MR       .....                  (no barding)
Stlth    +++.......             (no amulet)
HPRegen  0.16/turn              (no ring)
MPRegen  0.12/turn              (no ring)

@: very slightly contaminated, very slow
A: large, see invisible, deformed body, poison resistance, slowness 2, slow
metabolism 1, spit poison 1, AC +2
a: Spit Poison


You were on level 3 of the Dungeon.
You were very hungry.

You visited 1 branch of the dungeon, and saw 3 of its levels.

You collected 159 gold pieces.

Inventory:

Hand Weapons
 c - a +2 dagger of draining (weapon)
Missiles
 f - 25 sling bullets
 g - 36 bolts
 k - 18 arrows
Armour
 a - a +0 robe (worn)
 b - a +0 hat (worn)
Jewellery
 q - an uncursed ring of positive energy {unknown}
Wands
 e - a wand of polymorph (11)
Scrolls
 h - a scroll of random uselessness {unknown}
 j - 2 scrolls of identify {unknown}
 o - a scroll of magic mapping {unknown}
 p - a scroll of noise {unknown}
Potions
 m - a potion of degeneration
Comestibles
 d - 6 rations


   Skills:
 - Level 1.5 Dodging
 - Level 6.0 Stealth
 - Level 3.0 Spellcasting
 * Level 4.9 Conjurations
   Level 1.0 Summonings
 - Level 1.0 Translocations


You had 5 spell levels left.
You knew the following spells:

 Your Spells              Type           Power        Failure   Level  Hunger
a - Magic Dart            Conj           ###.         1%          1    None
b - Blink                 Tloc           N/A          13%         2    ##.....
s - Mephitic Cloud        Conj/Pois/Air  ##......     21%         3    ###....


Dungeon Overview and Level Annotations

Branches:
Dungeon (3/15)

Altars:
Gozag
Vehumet
The Shining One


Innate Abilities, Weirdness & Mutations

You cannot wear boots.
Your serpentine skin is tough. (AC +2)
You have supernaturally acute eyesight. (SInv)
Armour fits poorly on your strangely shaped body.
Your system is resistant to poisons. (rPois)
You cover ground very slowly.
You have a slow metabolism.
You can spit poison.


Message History

The magic dart hits the adder.
The adder is moderately wounded.
The adder closely misses you.
Casting: Magic Dart (safe; 1% risk of failure)
Confirm with . or Enter, or press ? or * to list all spells.
Aiming: Magic Dart (safe; 1% risk of failure)
Press: ? - help, Shift-Dir - straight line, f/p - adder
Aim: an adder (moderately wounded)
The magic dart hits the adder.
The adder is heavily wounded.
The adder barely misses you.
Casting: Magic Dart (safe; 1% risk of failure)
Confirm with . or Enter, or press ? or * to list all spells.
Aiming: Magic Dart (safe; 1% risk of failure)
Press: ? - help, Shift-Dir - straight line, f/p - adder
Aim: an adder (heavily wounded)
The magic dart hits the adder.
The adder is almost dead.
The adder barely misses you. The adder bites you.
You die...

### ##.#
#.# #.
#.#.#.
#.#.#. #.#
.. #.#
#.#### #.#
#.<..
#.####S###
#.....†@.#
######.#.#
#...#
#####


You could see an adder.

Vanquished Creatures
  Sigmund (D:3)
  An orc wizard (D:3)
  A hound skeleton (D:3)
  An adder (D:3)
  A worm (D:2)
  A dart slug (D:3)
  A leopard gecko (D:1)
  2 orcs (D:3)
  5 bats
  6 goblins
  4 hobgoblins
  3 jackals (D:3)
  A quokka (D:2)
  A ball python (D:1)
  4 frilled lizards
  5 kobolds
  7 rats
45 creatures vanquished.

Notes
Turn   | Place    | Note
-------+----------+-------------------------------------------
     0 | D:1      | GameOver the Naga Wizard began the quest for the Orb.
     0 | D:1      | Reached XP level 1. HP: 15/15 MP: 4/4
    73 | D:1      | Found a glowing golden altar of the Shining One.
   165 | D:1      | Reached XP level 2. HP: 22/22 MP: 6/6
   945 | D:2      | Found an opulent altar of Gozag.
   951 | D:2      | Reached XP level 3. HP: 28/28 MP: 5/7
   956 | D:2      | Learned a level 2 spell: Blink
   962 | D:2      | Learned a level 3 spell: Mephitic Cloud
  1100 | D:2      | Reached skill level 4 in Stealth
  1177 | D:2      | Noticed an ogre
  1203 | D:2      | Found a radiant altar of Vehumet.
  1328 | D:3      | Noticed Sigmund
  1400 | D:3      | Reached XP level 4. HP: 10/36 MP: 4/8
  1572 | D:3      | Killed Sigmund
  1572 | D:3      | Reached skill level 6 in Stealth
  1572 | D:3      | Reached XP level 5. HP: 3/42 MP: 4/9
  1572 | D:3      | Reached XP level 6. HP: 3/49 MP: 4/10
  1650 | D:3      | Slain by an adder

Vault maps used:
D:1:      minmay_arrival_stone_box, tso_metal_star
D:2:      nicolae_gozag_seed_capital, lemuel_coloured_pillars_altar
D:3:      old_standard_altar, nicolae_dithmenos_through_a_glass_darkly,
          uniq_sigmund, uniq_robin

Skill      XL: |  1  2  3  4 |
---------------+-------------+-----
Conjurations   | 2 3 4 |  4.9
Stealth        | 4 6 |  6.0
Dodging        | |  1.5
Spellcasting   | |  3.0
Summonings     | |  1.0
Translocations | |  1.0

Action                   |  1- 3 |  4- 6 || total
-------------------------+-------+-------++-------
Melee: Dagger            |    27 |     9 ||    36
 Cast: Magic Dart        |    24 |     9 ||    33
       Mephitic Cloud    |     2 |     3 ||     5
 Abil: Spit Poison       |    33 |     6 ||    39
  Use: Potion            |     6 |       ||     6
  Eat: Chunk             |     2 |     1 ||     3
Armor: Robe              |     8 |     1 ||     9
       Skin              |    18 |     6 ||    24
Dodge: Dodged            |    51 |    10 ||    61

Table legend:
 A = Spawn XP
 B = Non-spawn XP
 C = Spawn XP percentage of total XP
 D = Spawn monster count
 E = Non-spawn monster count
 F = Spawn count percentage of total count
 G = Total turns spent on level
                    A         B        C        D         E        F      G
               +---------+---------+-------+---------+---------+-------+---------
         Total |       0 |     366 |   0.0 |       0 |      45 |   0.0 |  1650
               +---------+---------+-------+---------+---------+-------+---------
           D:1 |       0 |      32 |   0.0 |       0 |      20 |   0.0 |   833
           D:2 |       0 |      15 |   0.0 |       0 |       9 |   0.0 |   423
           D:3 |       0 |     319 |   0.0 |       0 |      16 |   0.0 |   394
               +---------+---------+-------+---------+---------+-------+---------
